 Dungeon Crawl Stone Soup version 0.21.1-1-g345015f (webtiles) character file.

77 shakethe the Shield-Bearer (level 4, -1/35 HPs)
             Began as a Formicid Fighter on Feb 7, 2018.
             Slain by an orc
             ... wielding a +0 trident
              (4 damage)
             ... on level 3 of the Dungeon.
             The game lasted 00:02:16 (1724 turns).

shakethe the Shield-Bearer (Formicid Fighter)       Turns: 1724, Time: 00:02:17

Health: -1/35      AC:  6    Str: 21    XL:     4   Next: 58%
Magic:  4/4        EV:  9    Int:  7    God:
Gold:   140        SH:  4    Dex: 11    Spells: 3/3 levels left

rFire    . . .     SeeInvis +   a - +0 war axe
rCold    . . .     Gourm    .   k - +0 buckler (curse)
rNeg     . . .     Faith    .   b - +0 scale mail
rPois    .         Spirit   .   (helmet unavailable)
rElec    .         Reflect  .   (no cloak)
rCorr    .         Harm     .   (no gloves)
MR       .....                  (no boots)
Stlth    ..........             (no amulet)
HPRegen  0.11/turn              (no ring)
MPRegen  0.09/turn              (no ring)

@: no status effects
A: permanent stasis, dig shafts and tunnels, four strong arms, antennae 3
a: Dig, Shaft Self


You were on level 3 of the Dungeon.
You were hungry.

You visited 1 branch of the dungeon, and saw 3 of its levels.

You collected 140 gold pieces.

Inventory:

Hand Weapons
 a - a +0 war axe (weapon)
Armour
 b - a +0 scale mail (worn)
 c - a +0 shield
 k - a cursed +0 buckler (worn)
Jewellery
 p - an uncursed ring of ice {unknown}
Scrolls
 h - a scroll of immolation {unknown}
 i - a scroll of remove curse {unknown}
 j - a scroll of teleportation {unknown}
 o - a scroll of enchant armour {unknown}
Potions
 d - 2 potions of might
 e - a potion of heal wounds {unknown}
 g - a potion of lignification {unknown}
 l - 2 potions of curing {unknown}
 m - a potion of resistance {unknown}
 n - a potion of berserk rage {unknown}
Comestibles
 f - 6 rations


   Skills:
 - Level 3.2 Fighting
 + Level 4.0 Axes
 - Level 3.2 Armour
 - Level 4.3 Shields


You had 3 spell levels left.
You didn't know any spells.

Dungeon Overview and Level Annotations

Branches:
Dungeon (3/15)

Altars:


Innate Abilities, Weirdness & Mutations

You cannot be hasted, slowed, berserked, paralysed or teleported.
You can dig through walls and to a lower floor.
Your four strong arms can wield two-handed weapons with a shield.
You have a pair of large antennae on your head. (SInv)


Message History

The orc completely misses you. You block the orc's attack.
You hit the jackal.
You kill the jackal!
The orc hits you but does no damage.
You hit the jackal.
The jackal is heavily wounded.
The jackal barely misses you.
The jackal bites you but does no damage.
You block the orc's attack.
You barely miss the jackal.
The jackal is heavily wounded.
The jackal barely misses you.
The orc hits you from afar with a trident.
* * * LOW HITPOINT WARNING * * *
You block the jackal's attack.
You barely miss the jackal.
The jackal is moderately wounded.
The jackal bites you but does no damage.
The orc hits you from afar with a trident.
You die...

... #+# #.# #{ #.# #.# ##.
#.## #.# ....
.########..#####.####
....h....................#
......######.....#.#####.##
.........###....##.# #..#
......##oh@.....##.# ##.#
.w... #####.#.###.# #..
.... #[#.# #.# ###. ###
#.#.# #.# #... ..... ..#
###' ### # ### #P #≈♣ #≈ #♣


You could see an orc and a jackal.

Vanquished Creatures
  2 adders (D:3)
  An ooze (D:1)
  2 dart slugs
  A leopard gecko (D:2)
  4 orcs (D:3)
  2 ball pythons (D:3)
  3 giant cockroaches (D:1)
  3 hobgoblins
  3 jackals (D:3)
  5 kobolds
  6 bats
  3 frilled lizards
  4 goblins
  6 rats
45 creatures vanquished.

Notes
Turn   | Place    | Note
-------+----------+-------------------------------------------
     0 | D:1      | shakethe the Formicid Fighter began the quest for the Orb.
     0 | D:1      | Reached XP level 1. HP: 18/18 MP: 1/1
   155 | D:1      | Reached XP level 2. HP: 22/24 MP: 2/2
   379 | D:1      | Reached XP level 3. HP: 26/29 MP: 3/3
  1640 | D:3      | Reached XP level 4. HP: 31/35 MP: 4/4
  1724 | D:3      | Slain by an orc

Skill      XL: |  1  2  3  4 |
---------------+-------------+-----
Shields        | 4 |  4.3
Axes           | 3 4 |  4.0
Fighting       | |  3.2
Armour         | |  3.2

Action                   |  1- 3 |  4- 6 || total
-------------------------+-------+-------++-------
Melee: War axe           |   109 |    39 ||   148
  Eat: Chunk             |     2 |       ||     2
Armor: Scale mail        |    58 |    14 ||    72
Dodge: Dodged            |    44 |    36 ||    80
Block: Shield            |    43 |       ||    43
       Buckler           |     7 |    12 ||    19
